[Event "Titled Tuesday Blitz April 18 Early 2023"]
[White "Kiseljova, Marya"]
[Black "Munoz, Francisco Javier"]
[WhiteFideId "4155009"]
[BlackFideId "128368"]
[WhiteElo "1851"]
[BlackElo "2383"]
[Result "0-1"]
[Round "01"]
[TimeControl "180+2"]
[Date "2023.04.18"]
[WhiteClock "0:00:12"]
[BlackClock "0:00:25"]

1. d4 d5 2. c4 e6 3. Nf3 Nf6 4. g3 c6 5. Bg2 Ne4 6. O-O f5 7. Nc3 Bd6 8. Bf4 Bxf4 9. gxf4 O-O 10. Ne5 Nd7 11. e3 Nxe5 12. dxe5 Bd7 13. Nxe4 fxe4 14. cxd5 exd5 15. Qh5 Kh8 16. Kh1 Qc8 17. Rg1 Bg4 18. Qh4 Qf5 19. Qg3 Rae8 20. h3 Bh5 21. Kh2 g5 22. Bf1 h6 23. h4 Rg8 24. Bh3 g4 25. Bf1 Bf7 26. Be2 h5 27. b4 Rc8 28. Rac1 Rgd8 29. Rgd1 b6 30. Ba6 Rc7 31. a4 c5 32. bxc5 bxc5 33. Qg1 Be6 34. Qf1 Rg8 35. Kg3 d4 36. exd4 Rf8 37. d5 Qxf4+ 38. Kg2 e3 39. fxe3 Qe4+ 40. Kg3 Rxf1 41. Rxf1 Qxe5+ 42. Kg2 Bxd5+ 43. Kg1 Qg3# 0-1


[Site "https://www.chess.com"]

[Event "Titled Tuesday Blitz April 18 Early 2023"]
[White "benny_aizenberg"]
[Black "Vargas Rodriguez, Wilver"]
[BlackFideId "3509672"]
[WhiteElo "2555"]
[BlackElo "2224"]
[Result "1-0"]
[Round "01"]
[TimeControl "180+2"]
[Date "2023.04.18"]
[WhiteClock "0:00:05"]
[BlackClock "0:00:02"]

1. d4 Nf6 2. Bf4 d6 3. Nc3 g6 4. e4 Nc6 5. Nf3 Bg7 6. d5 Nb8 7. Qd2 h5 8. O-O-O c6 9. e5 dxe5 10. Nxe5 cxd5 11. Bb5+ Kf8 12. Nxd5 Qxd5 13. Qc3 Qxb5 14. Qxc8+ Ne8 15. Rhe1 Nc6 16. Qxa8 Nxe5 17. b3 Nc4 18. Qd8 Bb2+ 19. Kb1 Bc3 20. Qxe7+ Kg8 21. Qxe8+ Kh7 22. Qxb5 Na3+ 23. Kc1 Nxb5 24. Re7 Kg7 25. Rxb7 a6 26. Rdd7 Rf8 27. Bd2 Bf6 28. c4 Nd4 29. Be3 Nf5 30. Bc5 Bg5+ 31. Kb1 Re8 32. Rxf7+ Kh6 33. Rh7# 1-0


[Site "https://www.chess.com"]

[Event "Titled Tuesday Blitz April 18 Early 2023"]
[White "Wimalasuriya, Kasun M."]
[Black "Skatchkov, Valery"]
[WhiteFideId "9906789"]
[BlackFideId "24195812"]
[WhiteElo "2152"]
[BlackElo "2262"]
[Result "0-1"]
[Round "01"]
[TimeControl "180+2"]
[Date "2023.04.18"]
[WhiteClock "0:00:03"]
[BlackClock "0:01:25"]

1. d4 Nf6 2. c4 e6 3. Nf3 d5 4. g3 Bb4+ 5. Bd2 a5 6. Qc2 O-O 7. Bg2 c5 8. cxd5 cxd4 9. Nxd4 Qb6 10. Nf3 exd5 11. O-O Nc6 12. a3 Be7 13. Nc3 Bg4 14. Bg5 Rad8 15. Rad1 Bxf3 16. Bxf3 Nd4 17. Qd2 Nxf3+ 18. exf3 d4 19. Ne2 h6 20. Bxf6 Bxf6 21. Nf4 d3 22. Nxd3 Qb3 23. Qe2 Rfe8 24. Nc5 Rxe2 25. Nxb3 Rxd1 26. Rxd1 b6 27. Rb1 a4 28. Nc1 Re1+ 29. Kg2 g5 30. b4 axb3 31. Rxb3 Rxc1 32. Rxb6 Kg7 33. a4 Ra1 34. Ra6 Ra2 35. f4 Bd4 36. fxg5 Rxf2+ 37. Kh3 hxg5 38. Kg4 f6 39. h4 gxh4 40. gxh4 Be5 41. Ra7+ Kh6 42. a5 Rf4+ 43. Kh3 Kh5 44. Rh7+ Kg6 45. Ra7 Rf3+ 46. Kg2 Rg3+ 47. Kf2 Ra3 48. Ke2 Ra4 49. Ra8 Rxh4 50. a6 Ra4 51. Kd3 Kf5 52. Kc2 Ra3 53. Kd2 Ke4 54. Ke2 f5 55. Kd2 f4 56. Kc2 f3 57. a7 Ra2+ 58. Kb3 Ra6 59. Kc4 Rc6+ 60. Kb5 Rc7 61. Kb6 Re7 62. Rf8 Bd4+ 63. Kc6 Rxa7 64. Kd6 0-1


[Site "https://www.chess.com"]

[Event "Titled Tuesday Blitz April 18 Early 2023"]
[White "SashaKuzhilniy"]
[Black "Stead, Kerry"]
[BlackFideId "3202577"]
[WhiteElo "2553"]
[BlackElo "1997"]
[Result "1-0"]
[Round "01"]
[TimeControl "180+2"]
[Date "2023.04.18"]
[WhiteClock "0:00:20"]
[BlackClock "0:00:08"]

1. b3 d5 2. Bb2 c5 3. e3 Nc6 4. Bb5 f6 5. Nf3 Bg4 6. h3 Bh5 7. g4 Bf7 8. Bxc6+ bxc6 9. d3 e5 10. e4 Bd6 11. Nc3 Ne7 12. Nh4 g5 13. Nf5 Nxf5 14. gxf5 Qa5 15. Kf1 h5 16. Qf3 d4 17. Ne2 h4 18. Ng1 Bh5 19. Qg2 Qd2 20. f3 Qf4 21. Bc1 Qg3 22. Qxg3 hxg3 23. Kg2 a5 24. a4 c4 25. bxc4 Bb4 26. Ne2 Kd7 27. Nxg3 Bf7 28. Rb1 Rh4 29. Rb3 Kd6 30. Ba3 c5 31. Bb2 Be8 32. Ra1 Bc6 33. Ne2 Rah8 34. Ng1 R4h7 35. Bc1 Rb7 36. Rbb1 Rhb8 37. Ne2 1-0


[Site "https://www.chess.com"]

[Event "Titled Tuesday Blitz April 18 Early 2023"]
[White "Vanek, Tomas"]
[Black "koncheto"]
[WhiteFideId "313459"]
[WhiteElo "2052"]
[BlackElo "2553"]
[Result "0-1"]
[Round "01"]
[TimeControl "180+2"]
[Date "2023.04.18"]
[WhiteClock "0:01:59"]
[BlackClock "0:02:13"]

1. a3 e5 2. c4 f5 3. Nc3 Nf6 4. g3 g6 5. Bg2 Bg7 6. e3 e4 7. d4 exd3 8. Qxd3 O-O 9. Nge2 Nc6 10. Bd2 Ne5 11. Qd4 Nfg4 12. Qd5+ Kh8 13. h4 c6 14. Qc5 Nd3+ 15. Kf1 Nxc5 16. h5 g5 17. h6 Bf6 18. Nd4 d6 19. b4 Nd3 20. Ke2 Ndxf2 0-1


[Site "https://www.chess.com"]

[Event "Titled Tuesday Blitz April 18 Early 2023"]
[White "Al-Tarboush, Ward"]
[Black "Barria Santos, Jose Guilherme"]
[WhiteFideId "7601450"]
[BlackFideId "1939300"]
[WhiteElo "2265"]
[BlackElo "2266"]
[Result "1-0"]
[Round "01"]
[TimeControl "180+2"]
[Date "2023.04.18"]
[WhiteClock "0:02:23"]
[BlackClock "0:01:35"]

1. e4 c5 2. Nf3 d6 3. d4 cxd4 4. Nxd4 Nf6 5. Nc3 a6 6. h3 e6 7. g4 Be7 8. Bg2 Nc6 9. Be3 e5 10. Nf5 Bxf5 11. exf5 Rc8 12. g5 Nd7 13. h4 Nc5 14. Nd5 f6 15. Qh5+ Kf8 16. O-O-O b5 17. Bxc5 dxc5 18. Nxf6 Qa5 19. Bd5 Nd8 20. Nd7# 1-0


[Site "https://www.chess.com"]

[Event "Titled Tuesday Blitz April 18 Early 2023"]
[White "Faci, Fadil"]
[Black "Elgersma, Onno"]
[WhiteFideId "4645162"]
[BlackFideId "1053531"]
[WhiteElo "2138"]
[BlackElo "2252"]
[Result "1/2-1/2"]
[Round "01"]
[TimeControl "180+2"]
[Date "2023.04.18"]
[WhiteClock "0:01:40"]
[BlackClock "0:01:04"]

1. e4 c6 2. d4 d5 3. Nc3 dxe4 4. Nxe4 Nf6 5. Nxf6+ exf6 6. Bf4 Bd6 7. Bxd6 Qxd6 8. Nf3 O-O 9. Be2 Re8 10. O-O Bg4 11. c3 a5 12. h3 Bh5 13. Re1 Na6 14. Nh4 Bxe2 15. Rxe2 g6 16. Qc2 Rxe2 17. Qxe2 Nc7 18. Re1 Nd5 19. g3 Kg7 20. Qg4 Kh8 21. Ng2 f5 22. Qe2 Kg7 23. Qe5+ Qxe5 24. Rxe5 a4 25. a3 Ra6 26. Ne3 Nxe3 27. Rxe3 Rb6 28. Re2 Kf6 29. f4 h5 30. h4 Ra6 31. Kf2 Ra5 32. Ke3 Rd5 33. Kd3 Rb5 34. Kc2 Rd5 35. Re8 c5 36. Re5 Rxe5 37. dxe5+ Ke6 38. c4 Kd7 39. b3 axb3+ 40. Kxb3 Kc6 41. Ka4 Kb6 42. Kb3 Ka5 43. a4 Ka6 44. Ka3 Kb6 45. Kb3 Ka5 46. Ka3 Ka6 47. Kb3 Ka7 48. a5 Ka6 49. Ka4 b6 50. axb6 Kxb6 51. Kb3 Ka5 52. Ka3 Ka6 53. Ka4 Kb6 54. Kb3 Kb7 55. Ka3 Ka6 56. Ka4 Kb6 1/2-1/2


[Site "https://www.chess.com"]

[Event "Titled Tuesday Blitz April 18 Early 2023"]
[White "Postnikov, Daniil"]
[Black "Tuleyeva-Aketayeva, Dana"]
[WhiteFideId "4166329"]
[BlackFideId "13701932"]
[WhiteElo "2261"]
[BlackElo "2030"]
[Result "0-1"]
[Round "01"]
[TimeControl "180+2"]
[Date "2023.04.18"]
[WhiteClock "0:00:18"]
[BlackClock "0:00:07"]

1. e4 c5 2. a3 Nc6 3. b4 d6 4. b5 Nb8 5. Nf3 Nf6 6. Nc3 g6 7. h4 Bg7 8. Bb2 O-O 9. d4 Bg4 10. Be2 a6 11. e5 Ne8 12. dxc5 axb5 13. Ne4 d5 14. Neg5 h6 15. Nh3 Nc6 16. Nf4 Bxf3 17. Bxf3 Nxe5 18. Bxd5 Qa5+ 19. Kf1 Rd8 20. Qe2 Nc4 21. Bxg7 Kxg7 22. Bxc4 bxc4 23. h5 g5 24. Qe5+ Nf6 25. Ne2 Rd5 26. Qc3 Qxc3 27. Nxc3 Rxc5 28. Rb1 Ra8 29. a4 Nd5 30. Nxd5 Rxd5 31. Ke2 Rd7 32. Rb4 Rc7 33. Rhb1 Ra7 34. Ke3 e5 35. Ke4 Kf6 36. Kd5 Ra5+ 37. Kd6 Rc6+ 38. Kd7 Rd5+ 39. Ke8 Rc8# 0-1


[Site "https://www.chess.com"]

[Event "Titled Tuesday Blitz April 18 Early 2023"]
[White "Tarnowska, Aleksandra"]
[Black "Bruedigam, Martin"]
[WhiteFideId "1180967"]
[BlackFideId "24608033"]
[WhiteElo "1776"]
[BlackElo "2331"]
[Result "0-1"]
[Round "01"]
[TimeControl "180+2"]
[Date "2023.04.18"]
[WhiteClock "0:00:12"]
[BlackClock "0:00:29"]

1. e4 c6 2. d4 d5 3. Nc3 dxe4 4. Nxe4 Bf5 5. Ng3 Bg6 6. h4 h6 7. h5 Bh7 8. Nf3 Nd7 9. Bd3 Bxd3 10. Qxd3 e6 11. Bf4 Qa5+ 12. c3 Ngf6 13. b4 Qd8 14. O-O Be7 15. a4 a5 16. b5 O-O 17. c4 Rc8 18. Qe2 Bb4 19. c5 Re8 20. b6 e5 21. Nxe5 Nxe5 22. Bxe5 Nd7 23. Rac1 Bxc5 24. dxc5 Rxe5 25. Qg4 Nf6 26. Qf4 Qe8 27. Nf5 Qe6 28. Nd6 Rb8 29. Rfd1 Nxh5 30. Qd4 Nf6 31. Rc2 Rd5 32. Qa1 Re5 33. Rcd2 Nd5 34. Qb1 Nc3 35. Qc2 Nxd1 36. Rxd1 g6 37. Qd2 Kg7 38. Qf4 h5 39. g3 Rxc5 40. Qd4+ Qe5 41. Qxe5+ Rxe5 42. Kg2 Rd8 43. Rd2 Rd5 44. Rxd5 cxd5 45. Nb5 Rc8 46. Kf3 Rc6 47. Ke3 Rxb6 48. Kd4 Rxb5 49. axb5 b6 50. Kxd5 Kf6 51. Kc6 a4 52. Kxb6 a3 53. Kc7 a2 54. b6 a1=Q 55. b7 Qc3+ 56. Kb8 Qb4 57. Ka8 Kf5 58. b8=Q Qxb8+ 59. Kxb8 Kg4 60. Kc7 Kf3 61. Kd6 Kxf2 62. Ke5 Kxg3 63. Kf6 h4 64. Kxf7 g5 65. Kg6 g4 66. Kf5 h3 67. Kg5 h2 0-1


[Site "https://www.chess.com"]

[Event "Titled Tuesday Blitz April 18 Early 2023"]
[White "Pajeken, Jakob Leon"]
[Black "Osuna Vega, Enrique"]
[WhiteFideId "12942839"]
[BlackFideId "2219549"]
[WhiteElo "2414"]
[BlackElo "2122"]
[Result "1-0"]
[Round "01"]
[TimeControl "180+2"]
[Date "2023.04.18"]
[WhiteClock "0:01:33"]
[BlackClock "0:00:44"]

1. d4 c6 2. Nf3 Nf6 3. c4 b5 4. e3 bxc4 5. Bxc4 d5 6. Be2 e6 7. O-O c5 8. dxc5 Bxc5 9. b3 O-O 10. Ba3 Bxa3 11. Nxa3 Qa5 12. Nb5 Ba6 13. b4 Qb6 14. a4 Nc6 15. Rb1 Bxb5 16. Bxb5 Rac8 17. Qd3 Ne4 18. g3 h6 19. Rfc1 Nd6 20. Bxc6 Rxc6 21. Rxc6 Qxc6 22. Ne5 Qc7 23. b5 Rc8 24. Nc6 a6 25. Kg2 axb5 26. axb5 Nxb5 27. Rc1 Qb7 28. Ne7+ Kf8 29. Nxc8 d4+ 30. e4 1-0


[Site "https://www.chess.com"]

[Event "Titled Tuesday Blitz April 18 Early 2023"]
[White "Fabris, Alberto"]
[Black "Reprintsev, Alexander"]
[WhiteFideId "801348"]
[BlackFideId "14100541"]
[WhiteElo "2121"]
[BlackElo "2211"]
[Result "0-1"]
[Round "01"]
[TimeControl "180+2"]
[Date "2023.04.18"]
[WhiteClock "0:00:03"]
[BlackClock "0:00:35"]

1. e4 d5 2. exd5 Qxd5 3. Nc3 Qa5 4. d4 Nf6 5. Bc4 Bg4 6. Ne2 e6 7. O-O Be7 8. f3 Bf5 9. Ng3 Bg6 10. f4 O-O 11. Be3 Nc6 12. a3 Qb6 13. b4 Nxb4 14. axb4 Qxb4 15. Bd3 Qxc3 16. f5 exf5 17. Nxf5 Bxf5 18. Rxf5 Rfe8 19. Bf2 a5 20. Rb1 a4 21. Rf3 Qa5 22. Rxb7 a3 23. Rb1 a2 24. Ra1 Bb4 25. Rxf6 gxf6 26. Qg4+ Qg5 27. Qh3 Qg7 28. Bc4 Be1 0-1


[Site "https://www.chess.com"]

[Event "Titled Tuesday Blitz April 18 Early 2023"]
[White "Aggelis, Nikolaos"]
[Black "Jaivardhan Raj"]
[WhiteFideId "4213220"]
[BlackFideId "25744437"]
[WhiteElo "2189"]
[BlackElo "1772"]
[Result "1/2-1/2"]
[Round "01"]
[TimeControl "180+2"]
[Date "2023.04.18"]
[WhiteClock "0:00:04"]
[BlackClock "0:00:06"]

1. c4 e5 2. g3 g6 3. Bg2 Bg7 4. Nc3 Nc6 5. e3 Nge7 6. Nge2 O-O 7. O-O d6 8. d3 Be6 9. Rb1 Rb8 10. Nd5 Bxd5 11. cxd5 Nb4 12. Qb3 Na6 13. Qc2 c6 14. Nc3 Nb4 15. Qa4 Nbxd5 16. Qc2 Nxc3 17. bxc3 d5 18. c4 d4 19. exd4 exd4 20. Ba3 Re8 21. Rfe1 Nc8 22. Qd2 Rxe1+ 23. Rxe1 Nd6 24. Qf4 Nf5 25. Bh3 Bh6 26. Qe5 Ng7 27. Bd6 Ra8 28. Be7 Qe8 29. Qa5 Ne6 30. Rxe6 fxe6 31. Bxe6+ Kh8 32. Qe5+ Bg7 33. Bf6 Qf8 34. Bxg7+ Qxg7 35. Qd6 Re8 36. Bg4 Qe5 37. Qd7 Rg8 38. h4 Qe1+ 39. Kg2 Qe5 40. Qxb7 c5 41. Bf3 Qg7 42. Qc6 Rf8 43. Qxc5 Qf6 44. Qd5 a5 45. c5 a4 46. c6 a3 47. c7 h5 48. Qb7 Qf5 49. Kh2 Qc8 50. Qc6 Qf5 51. Kg2 Qc8 52. Qxg6 Qf5 53. Qh6+ Kg8 54. Qd6 Qxf3+ 55. Kh2 Qxf2+ 56. Kh3 Qf1+ 57. Kh2 Qf2+ 58. Kh3 Qf1+ 59. Kh2 Qf2+ 1/2-1/2


[Site "https://www.chess.com"]

[Event "Titled Tuesday Blitz April 18 Early 2023"]
[White "Necula, Iulian"]
[Black "Aizpurua, Patrick Emilio"]
[WhiteFideId "1232380"]
[BlackFideId "6600522"]
[WhiteElo "1790"]
[BlackElo "2378"]
[Result "0-1"]
[Round "01"]
[TimeControl "180+2"]
[Date "2023.04.18"]
[WhiteClock "0:00:15"]
[BlackClock "0:01:49"]

1. d4 Nf6 2. Nc3 d5 3. Bf4 c6 4. e3 Bf5 5. Nf3 e6 6. Ne5 Nbd7 7. a3 h6 8. Bd3 Bxd3 9. cxd3 Qb6 10. Qc2 Rc8 11. O-O Be7 12. b4 Qa6 13. Qd2 Nxe5 14. dxe5 Nd7 15. d4 Nb6 16. Qe2 Nc4 17. e4 O-O 18. exd5 cxd5 19. b5 Qa5 20. Rfc1 Nxa3 21. Qg4 Rxc3 22. Bxh6 g6 23. Bxf8 Bxf8 24. h4 Rxc1+ 25. Rxc1 Qd2 26. Rc8 Nxb5 27. h5 Qxd4 28. Qg5 Qd1+ 29. Kh2 Qxh5+ 30. Qxh5 gxh5 31. Rb8 b6 32. Kg3 Kg7 33. Kh4 Bc5 34. f3 Bd4 35. Kxh5 Bxe5 36. Rb7 Bd4 37. g4 a5 38. g5 Nd6 39. Ra7 Ne8 40. g6 Nf6+ 41. Kg5 Be3+ 42. f4 Bxf4+ 43. Kxf4 Kxg6 44. Rb7 a4 45. Rxb6 e5+ 46. Kf3 Kf5 47. Ra6 e4+ 48. Ke2 d4 49. Rxa4 Ke5 50. Ra7 d3+ 51. Kd2 Ke6 52. Ra6+ Kf5 53. Ra7 Kg6 54. Ra6 Kg5 55. Ra5+ Kf4 56. Ra7 Ke5 57. Rxf7 Nd5 58. Rf8 Kd4 59. Rd8 e3+ 60. Ke1 Ke4 61. Re8+ Kd4 62. Rd8 Kc4 63. Rc8+ Kb3 64. Rb8+ Kc2 65. Rc8+ Nc3 66. Rd8 d2+ 67. Kf1 d1=Q+ 68. Rxd1 Kxd1 0-1


[Site "https://www.chess.com"]

[Event "Titled Tuesday Blitz April 18 Early 2023"]
[White "Dushyant Sharma"]
[Black "Sandholm, Klas"]
[WhiteFideId "25065130"]
[BlackFideId "510203"]
[WhiteElo "2198"]
[BlackElo "2113"]
[Result "1-0"]
[Round "01"]
[TimeControl "180+2"]
[Date "2023.04.18"]
[WhiteClock "0:00:06"]
[BlackClock "0:01:01"]

1. e4 e5 2. Nf3 d5 3. exd5 e4 4. Qe2 f5 5. d3 Nf6 6. dxe4 fxe4 7. Nc3 Be7 8. Nxe4 O-O 9. Nxf6+ Bxf6 10. Be3 Qxd5 11. Qc4 Be6 12. Qxd5 Bxd5 13. O-O-O c6 14. Be2 a5 15. Rhe1 Bxa2 16. Bc5 Rc8 17. b3 a4 18. Bc4+ Kh8 19. Ne5 g6 20. Kb2 axb3 21. cxb3 Na6 22. Bxa6 Rxa6 23. f4 Ra5 24. Bb4 Rb5 25. Re4 c5 26. Kxa2 cxb4 27. Rd2 Ra5+ 28. Kb2 g5 29. g3 Re8 30. Rde2 gxf4 31. gxf4 Kg7 32. Kb1 Bxe5 33. fxe5 Kg6 34. e6 Kf6 35. Rxb4 b5 36. Rf4+ Kg6 37. e7 Ra7 38. Rf3 Rexe7 39. Rg2+ Kh5 40. Rh3# 1-0


[Site "https://www.chess.com"]

[Event "Titled Tuesday Blitz April 18 Early 2023"]
[White "Flis, Pawel"]
[Black "Taboas Rodriguez, Daniel"]
[WhiteFideId "1112864"]
[BlackFideId "2208466"]
[WhiteElo "1822"]
[BlackElo "2365"]
[Result "0-1"]
[Round "01"]
[TimeControl "180+2"]
[Date "2023.04.18"]
[WhiteClock "0:00:04"]
[BlackClock "0:00:54"]

1. e4 e5 2. d4 Nc6 3. Nf3 exd4 4. Bc4 Nf6 5. e5 d5 6. Bb5 Ne4 7. Nxd4 Bc5 8. Be3 Bd7 9. Bxc6 bxc6 10. O-O Qe7 11. f3 Nd6 12. Re1 Nf5 13. Nxf5 Bxf5 14. c3 O-O 15. Nd2 Bb6 16. Nb3 Rfe8 17. Bf2 Rad8 18. Nd4 Bd7 19. Nb3 Be6 20. Nd4 c5 21. Nc6 Qg5 22. Nxd8 Rxd8 23. Qc1 Qg6 24. Qf4 h5 25. Rad1 a5 26. Kh1 Rb8 27. b3 Qc2 28. Qd2 Qf5 29. Bh4 d4 30. cxd4 cxd4 31. Qg5 Qxg5 32. Bxg5 a4 33. bxa4 Bxa2 34. Ra1 Ba5 35. Rec1 Rb2 36. h4 d3 37. Rd1 d2 38. Kh2 Bb3 39. f4 Bxd1 40. Rxd1 g6 41. Kg3 c5 42. f5 gxf5 43. Kf4 c4 44. Kxf5 c3 45. e6 fxe6+ 46. Kxe6 c2 47. Rf1 d1=Q 48. Bf6 Rb6+ 49. Ke7 Qxf1 0-1


[Site "https://www.chess.com"]

[Event "Titled Tuesday Blitz April 18 Early 2023"]
[White "Ordekalog"]
[Black "Winkels, Marcel"]
[BlackFideId "1003887"]
[WhiteElo "2536"]
[BlackElo "1900"]
[Result "1-0"]
[Round "01"]
[TimeControl "180+2"]
[Date "2023.04.18"]
[WhiteClock "0:01:25"]
[BlackClock "0:00:09"]

1. d4 Nf6 2. c4 c5 3. e3 g6 4. Nf3 Bg7 5. Nc3 O-O 6. Be2 d5 7. O-O cxd4 8. exd4 Nc6 9. Re1 Bg4 10. cxd5 Nxd5 11. h3 Bf5 12. a3 Nb6 13. Be3 Rc8 14. Bb5 Qd6 15. Qd2 Rfd8 16. Rad1 Nd5 17. Bxc6 Qxc6 18. Rc1 Nxc3 19. bxc3 Qc4 20. Bg5 Bf6 21. Rxe7 Bxe7 22. Bxe7 Re8 23. Bf6 Re6 24. Be5 f6 25. Bg3 Be4 26. Nh2 Qc6 27. f3 Bd5 28. c4 Bxc4 29. d5 Rd8 30. dxc6 Rxd2 31. cxb7 1-0


[Site "https://www.chess.com"]

[Event "Titled Tuesday Blitz April 18 Early 2023"]
[White "Mihajlovskij"]
[Black "Shohat, Yotam"]
[BlackFideId "2813955"]
[WhiteElo "2100"]
[BlackElo "2226"]
[Result "0-1"]
[Round "01"]
[TimeControl "180+2"]
[Date "2023.04.18"]
[WhiteClock "0:00:05"]
[BlackClock "0:00:05"]

1. e4 g6 2. d4 Nf6 3. Nc3 d5 4. e5 Ne4 5. Nxe4 dxe4 6. c3 Bg7 7. Be3 c5 8. f4 cxd4 9. Qxd4 Qxd4 10. cxd4 Be6 11. Bb5+ Nc6 12. O-O-O O-O-O 13. Kb1 Nb4 14. a3 Nd5 15. Bc1 Kb8 16. Ne2 f5 17. Nc3 Rc8 18. Nxd5 Bxd5 19. Rhe1 a6 20. Bd7 Rc7 21. Ba4 b5 22. Bc2 Rhc8 23. Re2 e6 24. b4 Bf8 25. Bb2 Kb7 26. Rc1 Rc4 27. g3 Kb6 28. Re3 a5 29. bxa5+ Kxa5 30. Bb3 Rxc1+ 31. Bxc1 Bxb3 32. Rxb3 Ka4 33. Re3 Be7 34. Bb2 Bd8 35. Re2 Bb6 36. g4 Rd8 37. gxf5 gxf5 38. Rd2 e3 39. Rd3 e2 40. Re3 Bxd4 41. Rxe2 Bxb2 42. Kxb2 Rd4 43. Rf2 Re4 44. h4 h5 45. Rg2 Rxf4 46. Rg6 Rf2+ 47. Kc3 Kxa3 48. Rxe6 b4+ 49. Kc4 Rc2+ 50. Kd3 b3 51. Ra6+ Kb2 52. e6 Rc1 53. Kd2 Rc5 54. Kd3 Re5 55. Kd4 Re1 56. Kd3 f4 57. Kd2 Re5 58. Ra4 Rxe6 59. Rxf4 Rd6+ 60. Ke1 Kc2 61. Rf2+ Kb1 62. Rf5 b2 63. Rxh5 Rc6 64. Kd2 Rd6+ 65. Ke1 Rd4 66. Ke2 Kc2 67. Ke3 Rc4 68. Rb5 b1=Q 69. Rxb1 Kxb1 70. h5 Rh4 71. Kf3 Rxh5 72. Kg4 Ra5 0-1


[Site "https://www.chess.com"]

[Event "Titled Tuesday Blitz April 18 Early 2023"]
[White "Richter, Paul"]
[Black "Hartikainen, Jarmo"]
[WhiteFideId "2046350"]
[BlackFideId "503134"]
[WhiteElo "2532"]
[BlackElo "2099"]
[Result "1-0"]
[Round "01"]
[TimeControl "180+2"]
[Date "2023.04.18"]
[WhiteClock "0:00:38"]
[BlackClock "0:00:18"]

1. e4 c5 2. Nf3 Nc6 3. d4 cxd4 4. Nxd4 Nf6 5. Nc3 d6 6. Bg5 e6 7. Qd2 a6 8. O-O-O Bd7 9. f4 h6 10. Bxf6 Qxf6 11. Nxc6 Bxc6 12. Bd3 Qd8 13. Kb1 Qc7 14. f5 O-O-O 15. Bc4 Bd7 16. Bb3 Be7 17. Ne2 Rhe8 18. h4 Kb8 19. g4 Bc8 20. Nf4 Bf6 21. Nd3 exf5 22. exf5 Qb6 23. Nb4 Be5 24. Bxf7 Re7 25. Bb3 Rde8 26. Nd5 Qb5 27. Nxe7 1-0


[Site "https://www.chess.com"]

[Event "Titled Tuesday Blitz April 18 Early 2023"]
[White "Steenbekkers, Franck"]
[Black "Tomaszewski, Kacper"]
[WhiteFideId "1004220"]
[BlackFideId "1127373"]
[WhiteElo "2096"]
[BlackElo "2211"]
[Result "0-1"]
[Round "01"]
[TimeControl "180+2"]
[Date "2023.04.18"]
[WhiteClock "0:00:35"]
[BlackClock "0:00:46"]

1. e4 e6 2. d4 d5 3. Nd2 Ne7 4. Ngf3 Nd7 5. Bd3 c5 6. c3 cxd4 7. cxd4 dxe4 8. Nxe4 Nd5 9. O-O Be7 10. Re1 h6 11. Nc3 N7f6 12. Ne5 O-O 13. Qf3 Nb4 14. Bb1 Qxd4 15. Qh3 Bc5 16. Qg3 Nh5 17. Qf3 Qh4 18. Re4 Qf6 19. Qe2 Nd5 20. Rc4 Nhf4 21. Bxf4 Nxf4 22. Qe4 Nh3+ 23. Kh1 Nxf2+ 24. Kg1 Nh3+ 0-1


[Site "https://www.chess.com"]

[Event "Titled Tuesday Blitz April 18 Early 2023"]
[White "Eynullayev, Atilla"]
[Black "Torres Dominguez, David"]
[WhiteFideId "13413570"]
[BlackFideId "2220857"]
[WhiteElo "2181"]
[BlackElo "1999"]
[Result "1-0"]
[Round "01"]
[TimeControl "180+2"]
[Date "2023.04.18"]
[WhiteClock "0:01:00"]
[BlackClock "0:00:08"]

1. d4 e5 2. dxe5 d6 3. exd6 Bxd6 4. Nf3 Bg4 5. Nbd2 Nc6 6. e3 Qe7 7. Bb5 Bd7 8. O-O O-O-O 9. Nd4 Nxd4 10. Bxd7+ Rxd7 11. exd4 Qh4 12. Nf3 Qh5 13. Qd3 Nf6 14. Bd2 g5 15. Qf5 g4 16. Qxh5 Nxh5 17. Nh4 Ng7 18. Bh6 Ne6 19. Nf5 Rg8 20. c3 Bf4 21. Bxf4 Nxf4 22. Rfe1 Kd8 23. Re4 Nd5 24. Rae1 b5 25. Nh6 Rf8 26. Rxg4 f5 27. Rg5 f4 28. Ree5 c6 29. Rgf5 Rxf5 30. Nxf5 a5 31. g3 a4 32. a3 fxg3 33. hxg3 Nb6 34. Ne3 Re7 35. Rxe7 Kxe7 36. Kg2 Ke6 37. Kf3 Nd5 38. Nxd5 Kxd5 39. Ke3 Kc4 40. Kd2 Kb3 41. Kc1 Kc4 42. Kc2 h5 43. f4 Kd5 44. Kd3 Kd6 45. Ke4 Ke6 46. f5+ Kf6 47. Kf4 Kf7 48. Kg5 1-0


[Site "https://www.chess.com"]

[Event "Titled Tuesday Blitz April 18 Early 2023"]
[White "Osiecki, Stanislaw"]
[Black "Horak, Martin"]
[WhiteFideId "1102990"]
[BlackFideId "367095"]
[WhiteElo "2088"]
[BlackElo "2091"]
[Result "0-1"]
[Round "01"]
[TimeControl "180+2"]
[Date "2023.04.18"]
[WhiteClock "0:00:01"]
[BlackClock "0:00:09"]

1. e4 c5 2. c3 d5 3. e5 Nc6 4. d4 cxd4 5. cxd4 Bf5 6. Bd3 Bxd3 7. Qxd3 Rc8 8. Nc3 e6 9. Nge2 Nge7 10. O-O Nf5 11. Rd1 Be7 12. a3 O-O 13. g4 Nh4 14. f4 f5 15. g5 h6 16. gxh6 gxh6 17. Kh1 Kh7 18. Be3 Rg8 19. Rg1 Qb6 20. b4 a5 21. Na4 Qc7 22. Nc5 Bxc5 23. bxc5 Qf7 24. Bf2 Qh5 25. Bxh4 Qxh4 26. Rab1 Rxg1+ 27. Nxg1 Rc7 28. Rf1 Rg7 29. Ne2 a4 30. Rg1 Rxg1+ 31. Kxg1 Qe1+ 32. Kg2 Qa1 33. Qb5 Nxd4 34. Qxb7+ Kg6 35. Nxd4 Qxd4 36. c6 Qe4+ 37. Kg1 Qe3+ 38. Kg2 Qe2+ 39. Kg1 Qg4+ 40. Kf2 Qxf4+ 41. Ke2 Qxe5+ 42. Kf1 Qf4+ 43. Ke2 d4 44. c7 Qe3+ 45. Kf1 d3 0-1


[Site "https://www.chess.com"]

[Event "Titled Tuesday Blitz April 18 Early 2023"]
[White "Bilan, Danila"]
[Black "guillan"]
[WhiteFideId "24161918"]
[WhiteElo "2182"]
[BlackElo "2032"]
[Result "1-0"]
[Round "01"]
[TimeControl "180+2"]
[Date "2023.04.18"]
[WhiteClock "0:00:06"]
[BlackClock "0:00:02"]

1. d4 d5 2. Nf3 c6 3. c4 Nf6 4. Nc3 e6 5. cxd5 exd5 6. Bg5 Be7 7. e3 Nbd7 8. Bd3 O-O 9. Qc2 Re8 10. O-O h6 11. Bh4 Ne4 12. Bxe7 Qxe7 13. Bxe4 dxe4 14. Nd2 Nf6 15. Nc4 Ng4 16. h3 Nf6 17. Ne5 Nd7 18. Qxe4 Nxe5 19. dxe5 Qxe5 20. Qxe5 Rxe5 21. Rad1 Be6 22. Rd6 Re8 23. Rfd1 Re7 24. e4 Rc5 25. f4 f6 26. Kf2 b5 27. a3 a5 28. R1d2 b4 29. axb4 axb4 30. Ne2 b3 31. Nd4 Bf7 32. Kf3 Bh5+ 33. g4 Bf7 34. Rxc6 Rxc6 35. Nxc6 Rc7 36. Nd4 Rc4 37. e5 fxe5 38. fxe5 Bd5+ 39. Ke3 Kf7 40. Nf5 Rc2 41. Rxd5 Rxb2 42. Rb5 Rb1 43. Nd6+ Ke6 44. Nc4 Rh1 45. Ke4 Rxh3 46. Ne3 Rh4 47. Rb6+ Kf7 48. Rxb3 h5 49. Kf4 hxg4 50. Nxg4 Rh1 51. Rb7+ Kg6 52. Rb6+ Kf7 53. Kg5 Rg1 54. Kf5 Rf1+ 55. Ke4 Re1+ 56. Ne3 Re2 57. Kd4 g5 58. Rf6+ Kg7 59. Nf5+ 1-0


[Site "https://www.chess.com"]